 Dungeon Crawl Stone Soup version 0.25-a0-927-g39f137c8b7 (webtiles) character file.

Game seed: 4108806909560186885, levelgen mode: deterministic

641 Maedhros the Insei (level 7, -1/43 HPs)
             Began as an Octopode Artificer on May 3, 2020.
             Was a Plaything of Xom.
             Slain by a rat (2 damage)
             ... on level 6 of the Dungeon.
             The game lasted 00:07:14 (1357 turns).

Maedhros the Insei (Octopode Artificer)             Turns: 1357, Time: 00:07:15

Health: -1/43      AC:  1    Str:  9 (11) XL:     7   Next: 51%
Magic:  9/9        EV: 13    Int: 12 (13) God:    Xom [..*...]
Gold:   217        SH:  0    Dex: 15 (18) Spells: 6/6 levels left

rFire    . . .     SeeInvis .   j - +1 spear (venom)
rCold    . . .     Gourm    .   (no shield)
rNeg     . . .     Faith    .   (helmet restricted)
rPois    .         Spirit   .   (no amulet)
rElec    .         Reflect  .   n - +3 ring of dexterity
rCorr    .         Harm     .   (no ring)
MR       .....                  (no ring)
Stlth    ++++......             (no ring)
HPRegen  0.14/turn              (no ring)
MPRegen  0.11/turn              (no ring)
                                (no ring)
                                (no ring)

@: mighty, hasted, very quick
A: almost no armour, stealthy swim, amphibious, 8 rings, constrict 8, camouflage
1, gelatinous body 1
a: Renounce Religion


You were on level 6 of the Dungeon.
You worshipped Xom.
You were a toy of Xom.
You were hungry.

You visited 2 branches of the dungeon, and saw 7 of its levels.
You also visited: Sewer.

You collected 217 gold pieces.

Inventory:

Hand Weapons
 j - a +1 spear of venom (weapon)
Missiles
 e - 5 javelins (quivered)
Jewellery
 n - a +3 ring of dexterity (left tentacle)
Wands
 b - a wand of flame (19)
 u - a wand of paralysis (4)
Scrolls
 a - 3 scrolls of teleportation {unknown}
 g - 2 scrolls of identify {unknown}
 i - 3 scrolls of remove curse {unknown}
 k - 2 scrolls of amnesia {unknown}
 q - 2 scrolls of fear {unknown}
 t - a scroll of immolation {unknown}
Potions
 l - a potion of degeneration
 m - a potion of berserk rage {unknown}
 o - 2 potions of magic {unknown}
 p - a potion of curing {unknown}
 r - a potion of mutation {unknown}
 s - a potion of stabbing {unknown}
Comestibles
 f - 6 rations
 v - 3 chunks of flesh


   Skills:
 - Level 1.0 Fighting
   Level 1.0 Short Blades
 - Level 2.0 Dodging
 - Level 4.0 Stealth
 + Level 7.3 Unarmed Combat
 - Level 3.2 Evocations


You had 6 spell levels left.
You didn't know any spells.
Your spell library was empty.

Dungeon Overview and Level Annotations

Branches:
Dungeon (6/15)             Temple (1/1) D:6           Sewer (visited)

Altars:
Ashenzari
Elyvilon
Gozag
Kikubaaqudgha
Makhleb
Nemelex Xobeh
Okawaru
Qazlal
Ru
Sif Muna
Trog
Uskayaw
Vehumet
Wu Jian
Xom
Yredelemnul
Zin
The Shining One


Innate Abilities, Weirdness & Mutations

You cannot wear most types of armour.
You are very stealthy in the water. (Stealth+)
You are amphibious.
You can wear up to eight rings at the same time.
You can use your tentacles to constrict eight enemies at once.
Your skin changes colour to match your surroundings (Stealth+).
Your rubbery body absorbs attacks. (AC +1, EV +1)


Message History

Aim: a rat (chance to defeat MR: 72%)
The river rat struggles to resist.
The rat misses you.
You hit the river rat but do no damage.
The river rat looks as sick as possible!
Your grab misses the river rat. You squeeze the river rat.
The river rat is severely wounded.
The rat barely misses you.
It was a potion of degeneration.
There was something very wrong with that liquid.
You feel weakened.
You feel dopey.
You feel clumsy.
Xom is mildly amused.
The river rat closely misses you. The rat bites you.
* * * LOW HITPOINT WARNING * * *
Xom is amused.
It was a potion of might.
You feel very mighty all of a sudden.
You kill the river rat!
The rat bites you.
You die... "It was about time."

# .ยง # # #
. .#### . .
..#.##. .#
#.#..##5#
#...#r#
#.rrr# # #r#
# # #@#.# #
##.r# #
#)### # #.##
# ##.## #
#.#.## #
##.#.# #
##.##
#######
#########.##


You could see a quokka, 5 rats and a friendly crimson imp (invisible).

Vanquished Creatures
  Purgy (Sewer)
  2 ogres (D:5)
  A hound (D:4)
  A scorpion (D:5)
  3 orc priests
  A bullfrog skeleton (D:4)
  An orc wizard (D:6)
  A worker ant zombie (D:5)
  A gnoll (D:3)
  2 adders
  5 river rats
  A shadow imp (D:5)
  2 dart slugs (D:3)
  3 leopard geckos
  5 orcs
  2 ball pythons (D:5)
  5 giant cockroaches
  7 goblins
  6 hobgoblins
  4 jackals
  A quokka (D:6)
  A bat (D:3)
  2 frilled lizards
  2 kobolds
  8 rats
68 creatures vanquished.

Vanquished Creatures (collateral kills)
  A jelly (D:5)
  A leopard gecko (D:4)
  An orc (D:5)
  A giant cockroach (D:4)
  A hobgoblin (D:4)
5 creatures vanquished.

Vanquished Creatures (others)
  Blork the orc (D:4)
  A jackal (D:4)
  A quokka (D:6)
3 creatures vanquished.

Grand Total: 76 creatures vanquished

Notes
Turn   | Place    | Note
-------+----------+-------------------------------------------
     0 | D:1      | Maedhros the Octopode Artificer began the quest for the
                  | Orb.
     0 | D:1      | Reached XP level 1. HP: 13/13 MP: 3/3
    62 | D:3      | Reached XP level 2. HP: 11/18 MP: 4/4
   244 | D:3      | Reached XP level 3. HP: 20/23 MP: 5/5
   273 | D:3      | Reached skill level 1 in Unarmed Combat
   285 | D:4      | Noticed Blork the orc
   307 | D:4      | Your ally died
   310 | D:4      | Reached skill level 2 in Unarmed Combat
   310 | D:4      | Reached XP level 4. HP: 8/28 MP: 6/6
   393 | D:4      | Killed a hound
   393 | D:4      | Reached skill level 3 in Unarmed Combat
   393 | D:4      | Reached XP level 5. HP: 9/33 MP: 7/7
   476 | D:4      | Found an ornate altar of the Wu Jian Council.
   476 | D:4      | Found a burning altar of Makhleb.
   477 | D:4      | Found a sacrificial altar of Ru.
   507 | D:5      | Entered Level 5 of the Dungeon
   526 | D:5      | Reached skill level 4 in Unarmed Combat
   587 | D:5      | Reached XP level 6. HP: 23/38 MP: 8/8
   593 | D:5      | Reached skill level 5 in Unarmed Combat
   669 | D:5      | Reached skill level 6 in Unarmed Combat
   709 | D:5      | Found a glowing drain.
   717 | Sewer    | Entered a sewer
   720 | Sewer    | Noticed Purgy
   771 | Sewer    | Killed Purgy
   771 | Sewer    | Reached XP level 7. HP: 24/43 MP: 9/9
  1020 | D:6      | Found a staircase to the Ecumenical Temple.
  1025 | Temple   | Entered the Ecumenical Temple
  1060 | Temple   | Became a worshipper of Xom of Fickle Intent
  1280 | D:6      | Reached skill level 7 in Unarmed Combat
  1350 | D:6      | HP: 2/43 [river rat (10)]
  1351 | D:6      | XOM: potion effect (haste)
  1356 | D:6      | HP: 1/43 [rat (2)]
  1357 | D:6      | Slain by a rat

Levels and vault maps discovered:
D:1:      sevenhm_arrival_forest_fort_small_2, layout_basic, serial_forest,
          infiniplex_forest_corner_1, infiniplex_forest_lined_2
D:2:      layout_basic, gammafunk_temple_overflow_pools, grunt_ministairs_11
D:3:      layout_basic, minmay_door_square, uniq_terence
D:4:      cheibrodos_greedy_goblins, layout_rooms, kennysheep_slug_shrine,
          gammafunk_temple_overflow_claw, serial_shops, shop, uniq_blork_the_orc
D:5:      layout_rooms, portal_sewer_entry_e, serial_glass, glass_columns_c,
          glass_columns_a, first_ration
D:6:      lemuel_ratsnest, layout_basic, lemuel_coloured_pillars_altar,
          minmay_temple_entry_sparse_star, gup_ossuary_entry_pyramid,
          grunt_ministairs_12
Temple:   bh_familiar_temple

Skill      XL: |  1  2  3  4  5  6  7 |
---------------+----------------------+-----
Stealth        | 2 4 |  4.0
Unarmed Combat | 2 3 4 6 7 |  7.3
Fighting       | |  1.0
Short Blades   | |  1.0
Dodging        | |  2.0
Evocations     | |  3.2

Action                   |  1- 3 |  4- 6 |  7- 9 || total
-------------------------+-------+-------+-------++-------
Melee: Short sword       |    31 |       |       ||    31
       Constrict         |    15 |    14 |    10 ||    39
       Tentacles         |     7 |    13 |     7 ||    27
       Spear             |    12 |    66 |    38 ||   116
       Punch             |       |     2 |     3 ||     5
Evoke: Wand              |    13 |    13 |    14 ||    40
  Use: Potion            |       |       |     2 ||     2
 Stab: Sleeping          |     4 |     5 |     3 ||    12
       Paralysed         |       |       |     2 ||     2
  Eat: Chunk             |       |       |     1 ||     1
Armor: Skin              |     6 |     2 |       ||     8
Dodge: Dodged            |    23 |    23 |    19 ||    65

Table legend:
 A = Non-vault XP
 B = Vault XP
 C = Vault XP percentage of total XP
 D = Non-vault monster count
 E = Vault monster count
 F = Vault count percentage of total count
                 A         B        C        D         E       F
            +---------+---------+-------+---------+---------+-------
      Total |     658 |     258 |  28.2 |      41 |      33 |  44.6
            +---------+---------+-------+---------+---------+-------
        D:3 |      44 |       0 |   0.0 |      17 |       0 |   0.0
        D:4 |     105 |      25 |  19.2 |       7 |      12 |  63.2
        D:5 |     419 |      24 |   5.4 |      11 |       8 |  42.1
        D:6 |      90 |      68 |  43.0 |       6 |       7 |  53.8
      Sewer |       0 |     141 | 100.0 |       0 |       6 | 100.0
            +---------+---------+-------+---------+---------+-------
